AoeStats
← miguelon01

Arabia

508805166Analyzed
1v1 RM · 8d ago on Sep 24, 2026· 52m 33s· 2 players
Game mode
Random Map
Map size
Tiny (2 player)
Population
200
Speed
Normal
Resources
Standard
Victory
Conquest
Starting age
Dark Age
Ending age
Imperial Age
RankedLock teamsTeams togetherTeam positionsShared explorationLock speedFull tech treeHidden civsTurbo modeCheats
Victory
Defeat
🇧🇷 Goths · Brazil
990
+15
🇲🇽 Mongols · Mexico
974
-15
Bolis03
3:56 Loom
11:12 Feudal Age
11:44 Double-Bit Axe
14:38 Stone Mining
15:35 Horse Collar
17:58 Scale Mail Armor
18:04 Scale Barding Armor
19:20 Fletching
24:27 Castle Age
22:42 Padded Archer Armor
23:28 Forging
24:00 Bloodlines
24:17 Gold Mining
24:28 Crossbowman
25:42 Bodkin Arrow
26:34 Bow Saw
26:24 Light Cavalry
28:33 Husbandry
29:56 Heavy Plow
30:38 Wheelbarrow
31:10 Leather Archer Armor
37:54 Iron Casting
miguelon01
10:24 Feudal Age
11:32 Double-Bit Axe
12:12 Loom
18:37 Forging
19:49 Horse Collar
21:18 Forging
24:23 Castle Age
22:32 Stone Mining
24:01 Scale Mail Armor
25:36 Bow Saw
25:39 Fletching
28:25 Wheelbarrow
28:32 Gold Mining
34:55 Chain Mail Armor
39:17 Iron Casting
44:38 Heavy Plow
48:59 Imperial Age
49:37 Elite Huskarl
52:29 Blast Furnace
51:21 Light Cavalry
52:12 Bloodlines
52:28 Husbandry
Connection lost

Rejoining the realm…

Still unreachable

The connection could not be restored.

Session expired

The server has moved on; the page needs a fresh start.